 Dungeon Crawl Stone Soup version 0.19.0-19-g8c6edcc (webtiles) character file.

24314 asthiss the Basher (level 12, -1/165 HPs)
             Began as a Minotaur Berserker on Nov 12, 2016.
             Was a High Priest of Trog.
             Slain by a freezing wraith (23 damage)
             ... on level 12 of the Dungeon.
             The game lasted 01:04:09 (13776 turns).

asthiss the Basher (Minotaur Berserker)            Turns: 13776, Time: 01:04:11

Health: -1/165     AC: 19    Str: 32    XL:     12   Next: 79%
Magic:  11/11      EV: 12    Int:  4    God:    Trog [*****.]
Gold:   50         SH: 14    Dex: 12    Spells: 0 memorised, 11 levels left

rFire  + . .     SeeInvis .     z - +2 whip (flame)
rCold  . . .     Gourm    .     i - +4 chain mail {rF+}
rNeg   . . .     Faith    .     d - +0 shield
rPois  +         Spirit   .     n - +0 hat
rElec  .         Reflect  .     t - +1 cloak {rPois}
rCorr  +         Harm     .     (no gloves)
MR     .....                    (no boots)
Stlth  ..........               (no amulet)
                                o - +2 ring of strength
                                f - ring of resist corrosion

@: berserking, slowed
A: retaliatory headbutt, horns 2
a: Berserk, Trog's Hand, Brothers in Arms, Burn Spellbooks, Renounce Religion


You were on level 12 of the Dungeon.
You worshipped Trog.
Trog was extremely pleased with you.
You were very hungry.

You visited 2 branches of the dungeon, and saw 13 of its levels.

You collected 550 gold pieces.
You spent 500 gold pieces at shops.

Inventory:

Hand Weapons
 a - a +1 mace
 z - a +2 whip of flaming (weapon)
Armour
 d - a +0 shield (worn)
 h - +0 mottled dragon scales
 i - a +4 chain mail of fire resistance (worn)
 n - a +0 hat (worn)
 t - a +1 cloak of poison resistance (worn)
 F - a +0 hat of magic resistance
Rods
 I - a +2 lightning rod (13/13)
   (You found it on level 1 of the Lair of Beasts)
Jewellery
 f - a ring of resist corrosion (left hand)
 g - a +4 ring of intelligence
 j - an uncursed ring of ice
 l - an uncursed ring of stealth
 o - a +2 ring of strength (right hand)
 r - an uncursed ring of see invisible
 y - an uncursed ring of poison resistance {unknown}
 G - a cursed ring of protection from fire {unknown}
 J - a cursed ring of teleportation {unknown}
Wands
 x - a wand of teleportation (5/9)
Scrolls
 e - 5 scrolls of remove curse
 q - 5 scrolls of teleportation
 s - 2 scrolls of recharging
 v - a scroll of fog
 B - 2 scrolls of magic mapping
Potions
 k - a potion of cure mutation
 m - 3 potions of flight
 p - 2 potions of might
 w - 7 potions of curing
Comestibles
 b - 6 meat rations
 c - 14 bread rations
 u - a chunk of flesh
 A - 6 beef jerkies
 H - 3 fruits


   Skills:
 + Level 11.2 Fighting
 + Level 13.9 Maces & Flails
 + Level 12.2 Armour
 + Level 7.7 Dodging
 + Level 2.5 Stealth
 + Level 11.9 Shields


You had 11 spell levels left.
You didn't know any spells.

Dungeon Overview and Level Annotations

Branches:
Dungeon (12/15)            Temple (0/1) D:7            Lair (1/6) D:10
    Orc (0/2) D:10

Altars:
Ashenzari
Elyvilon
Kikubaaqudgha
Makhleb
Nemelex Xobeh
Okawaru
Ru
Vehumet
Xom

Shops:
D:5 [   D:9 %   D:11 %

Annotations:
D:8 Prince Ribbit


Innate Abilities, Weirdness & Mutations

You reflexively headbutt those who attack you in melee.
You have a pair of horns on your head.


Message History

* * * LOW HITPOINT WARNING * * *
The freezing wraith hits you.
* * * LOW HITPOINT WARNING * * *
You whack the freezing wraith! You burn the freezing wraith.
The freezing wraith is moderately damaged.
You hit the freezing wraith. You burn the freezing wraith.
You headbutt the freezing wraith, but do no damage.
The freezing wraith is heavily damaged.
You block the freezing wraith's attack.
The freezing wraith hits you but does no damage.
You hit the freezing wraith but do no damage.
The freezing wraith is heavily damaged.
Unknown command.
You whack the freezing wraith! You burn the freezing wraith.
Your headbutt misses the freezing wraith.
The freezing wraith is severely damaged.
The freezing wraith hits you.
* * * LOW HITPOINT WARNING * * *
The freezing wraith freezes you!!
You die...

.. ### #### ... #..#
≈≈.. ).. ##... ≈≈..
###.###... ≈≈..
##........# ≈≈..!
#.........# ≈≈≈≈#
#.#...###.@# .#
≈≈≈≈###.##..).##W#...##
≈≈≈≈##..###..()†.!....#
≈≈≈≈......##...#[##....#
≈≈≈≈#.#....#..##..# #...
≈≈≈........#..#..... ..
≈≈##..........#......
≈.....#....#.....###.#
##.#..#....#....## ...


You could see a freezing wraith.

Vanquished Creatures
  Gastronok (D:10)
  A hydra (D:11)
  A centaur warrior (D:9)
  Urug (D:10)
  A tengu warrior (D:9)
  Sonja (D:10)
  3 hill giants
  Pikel (D:6)
  An oklob plant (D:10)
  4 slime creatures
  The ghost of Kenran the Cleaver, a novice DDBe of Trog (D:5)
  A gargoyle (D:12)
  A spiny frog (Lair:1)
  2 freezing wraiths (D:12)
  An efreet (D:9)
  5 trolls
  A hornet (D:11)
  5 hippogriffs
  Sigmund (D:2)
  11 yaks
  A shadow (D:12)
  Eustachio (D:4)
  2 hungry ghosts
  2 steam dragons
  A mottled dragon (D:11)
  4 vampire mosquitoes (D:10)
  4 water moccasins (Lair:1)
  2 porcupines (Lair:1)
  6 orc warriors
  A slave (D:6)
  A black bear (D:9)
  2 sky beasts
  7 ogres
  2 ice beasts
  2 wolves (Lair:1)
  2 eyes of draining
  8 centaurs
  A crocodile (Lair:1)
  3 big kobolds
  Blork the orc (D:6)
  2 gnoll sergeants
  A wyvern zombie (D:9)
  8 bullfrogs
  2 wyvern skeletons
  5 scorpions
  17 killer bees
  2 electric eels (D:12)
  3 wights (D:10)
  2 howler monkeys (D:9)
  4 crimson imps
  A centaur zombie (D:7)
  10 jellies (D:10)
  2 bullfrog zombies (D:8)
  6 hounds
  4 orc priests
  2 bullfrog skeletons
  An iguana (D:9)
  Ijyb (D:2)
  10 orc wizards
  11 worker ants
  2 hound skeletons
  A hound zombie (D:10)
  A howler monkey zombie (D:6)
  A worker ant zombie (D:5)
  8 gnolls
  10 adders
  3 shadow imps
  10 oozes
  2 adder zombies
  An adder skeleton (D:7)
  3 worms
  A dart slug (D:3)
  8 leopard geckos
  40 orcs
  8 bats
  4 giant cockroaches
  11 goblins
  9 hobgoblins
  9 jackals
  6 quokkas
  4 frilled lizards
  A jackal zombie (D:7)
  25 kobolds
  A leopard gecko skeleton (D:5)
  A leopard gecko zombie (D:6)
  6 rats
  A fungus (Lair:1)
  2 plants (Lair:1)
370 creatures vanquished.

Vanquished Creatures (collateral kills)
  Erolcha (D:10)
  A hydra (Lair:1)
  A deep elf mage (D:9)
  An ugly thing (D:9)
  A hippogriff (D:10)
  Duvessa (D:6)
  An ice beast (D:10)
  An ogre (D:9)
  4 wolves (Lair:1)
  3 centaurs
  2 big kobolds
  3 bullfrogs
  Dowan (D:6)
  A killer bee (D:10)
  A wight (D:10)
  A crimson imp (D:6)
  A hound (D:6)
  2 orc priests (D:11)
  3 orc wizards
  A hound skeleton (D:9)
  A shadow imp (D:6)
  An adder skeleton (D:9)
  4 orcs
  A quokka (D:11)
  4 kobolds
42 creatures vanquished.

Vanquished Creatures (others)
  A centaur skeleton (D:9)
  7 fungi (D:10)
8 creatures vanquished.

Grand Total: 420 creatures vanquished

Notes
Turn   | Place    | Note
-------+----------+-------------------------------------------
     0 | D:1      | asthiss the Minotaur Berserker began the quest for the Orb.
     0 | D:1      | Reached XP level 1. HP: 19/19 MP: 0/0
   130 | D:1      | Reached skill level 4 in Maces & Flails
   130 | D:1      | Reached XP level 2. HP: 27/27 MP: 1/1
   483 | D:1      | Reached ** piety under Trog
   483 | D:1      | Reached XP level 3. HP: 31/33 MP: 2/2
   754 | D:2      | Noticed Ijyb
   783 | D:2      | Killed Ijyb
   790 | D:2      | Reached skill level 5 in Maces & Flails
   790 | D:2      | Reached XP level 4. HP: 29/40 MP: 3/3
   922 | D:2      | Noticed Sigmund
   928 | D:2      | Killed Sigmund
   928 | D:2      | Reached skill level 6 in Maces & Flails
   928 | D:2      | Reached XP level 5. HP: 46/47 MP: 4/4
  1038 | D:2      | Gained mutation: Your body sometimes deteriorates upon taking damage. [potion of mutation]
  1038 | D:2      | Lost mutation: Your body sometimes deteriorates upon taking damage. [potion of mutation]
  1038 | D:2      | Gained mutation: You are frail. (-10% HP) [potion of mutation]
  1106 | D:2      | Reached skill level 5 in Fighting
  1183 | D:2      | Reached XP level 6. HP: 48/50 MP: 5/5
  1536 | D:2      | Found a burning altar of Makhleb.
  1756 | D:3      | Reached *** piety under Trog
  1876 | D:3      | Found a radiant altar of Vehumet.
  2325 | D:4      | Noticed Eustachio
  2339 | D:4      | Killed Eustachio
  2339 | D:4      | Reached skill level 7 in Maces & Flails
  2339 | D:4      | Reached XP level 7. HP: 52/54 MP: 6/6
  3055 | D:4      | Found a sparkling altar of Nemelex Xobeh.
  3282 | D:5      | Entered Level 5 of the Dungeon
  3303 | D:5      | Reached skill level 8 in Maces & Flails
  3347 | D:5      | Found an ancient bone altar of Kikubaaqudgha.
  3399 | D:5      | Noticed Kenran's ghost (novice DDBe)
  3418 | D:5      | Killed Kenran's ghost
  3418 | D:5      | Reached skill level 5 in Armour
  3418 | D:5      | Reached XP level 8. HP: 19/63 MP: 7/7
  3671 | D:5      | Identified the Handbook of the Doomed Mountains
  3742 | D:5      | Found a shimmering altar of Xom.
  3902 | D:5      | Reached **** piety under Trog
  3975 | D:5      | Found Ideuwnud's Armour Shoppe.
  3983 | D:5      | Bought a +1 cloak of poison resistance for 189 gold pieces
  4021 | D:5      | Reached skill level 9 in Maces & Flails
  4378 | D:6      | Reached skill level 5 in Dodging
  4597 | D:6      | Noticed Duvessa
  4598 | D:6      | Noticed Dowan
  4601 | D:6      | Killed Duvessa
  4608 | D:6      | Killed Dowan
  4629 | D:6      | Noticed Blork the orc
  4643 | D:6      | Killed Blork the orc
  4802 | D:6      | Reached XP level 9. HP: 58/71 MP: 8/8
  4936 | D:6      | Lost mutation: You are frail. (-10% HP) [potion of cure mutation]
  5007 | D:6      | Noticed Pikel
  5025 | D:6      | Killed Pikel
  5025 | D:6      | Reached skill level 10 in Maces & Flails
  5025 | D:6      | Reached skill level 1 in Stealth
  5025 | D:6      | Reached skill level 1 in Shields
  5582 | D:7      | Found a staircase to the Ecumenical Temple.
  5621 | D:7      | Found a shattered altar of Ashenzari.
  5895 | D:7      | Found a white marble altar of Elyvilon.
  5907 | D:7      | Found a sacrificial altar of Ru.
  5910 | D:7      | Found a shimmering altar of Xom.
  5913 | D:7      | Found an iron altar of Okawaru.
  6201 | D:8      | Reached skill level 11 in Maces & Flails
  6536 | D:8      | Reached XP level 10. HP: 81/88 MP: 9/9
  6604 | D:8      | Noticed Prince Ribbit
  7027 | D:8      | Reached ***** piety under Trog
  7361 | D:9      | Received a gift from Trog
  7578 | D:9      | Found Gaiga's Food Shoppe.
  7624 | D:9      | Bought a meat ration for 55 gold pieces
  7624 | D:9      | Bought a slice of pizza for 16 gold pieces
  7624 | D:9      | Bought a meat ration for 55 gold pieces
  7624 | D:9      | Bought a meat ration for 55 gold pieces
  7660 | D:9      | Reached skill level 12 in Maces & Flails
  7774 | D:9      | Noticed a deep elf mage
  7775 | D:9      | Noticed a tengu warrior
  7775 | D:9      | Noticed a centaur warrior
  7777 | D:9      | Noticed a brown ugly thing
  7794 | D:9      | Killed a tengu warrior
  7794 | D:9      | Reached skill level 5 in Shields
  7807 | D:9      | Killed a centaur warrior
  7819 | D:9      | Killed a deep elf mage
  7826 | D:9      | Killed a brown ugly thing
  8077 | D:9      | Reached skill level 10 in Armour
  8077 | D:9      | Reached XP level 11. HP: 63/95 MP: 10/10
  8353 | D:9      | Found a shimmering altar of Xom.
  8616 | D:10     | Entered Level 10 of the Dungeon
  8639 | D:10     | Noticed Erolcha
  8685 | D:10     | Killed Erolcha
  8718 | D:10     | Noticed a hill giant
  8721 | D:10     | Found a staircase to the Orcish Mines.
  8731 | D:10     | Killed a hill giant
  8992 | D:10     | Noticed an oklob plant
  9069 | D:10     | Killed an oklob plant
  9365 | D:10     | Noticed Sonja
  9379 | D:10     | Killed Sonja
  9630 | D:10     | Noticed Gastronok
  9664 | D:10     | Killed Gastronok
  9664 | D:10     | Reached skill level 10 in Fighting
  9664 | D:10     | Reached skill level 13 in Maces & Flails
  9722 | D:10     | Noticed Urug
  9739 | D:10     | Killed Urug
 10068 | D:10     | Found a staircase to the Lair.
 10371 | Lair:1   | Entered Level 1 of the Lair of Beasts
 10463 | Lair:1   | Reached skill level 10 in Shields
 10503 | Lair:1   | Reached XP level 12. HP: 107/107 MP: 11/11
 10715 | Lair:1   | Noticed a five-headed hydra
 10720 | Lair:1   | Killed a five-headed hydra
 11466 | D:11     | Found Idduak's Food Shoppe.
 11503 | D:11     | Bought a meat ration for 65 gold pieces
 11503 | D:11     | Bought a meat ration for 65 gold pieces
 11748 | D:11     | Noticed a six-headed hydra
 11761 | D:11     | Killed a six-headed hydra
 13776 | D:12     | Slain by a freezing wraith

Skill      XL: |  1  2  3  4  5  6  7  8  9 10 11 12 |
---------------+-------------------------------------+-----
Maces & Flails | 4 5 6 7 8 9 11 12 13 | 13.9
Fighting       | 4 5 6 7 8 10 11 | 11.2
Armour         | 3 4 5 6 8 10 12 | 12.2
Dodging        | 3 4 5 6 7 |  7.7
Stealth        | 1 2 |  2.5
Shields        | 3 7 10 11 | 11.9

Action                   |  1- 3 |  4- 6 |  7- 9 | 10-12 || total
-------------------------+-------+-------+-------+-------++-------
Melee: Mace              |    57 |   116 |   265 |   111 ||   549
       Headbutt          |     2 |    14 |    64 |   229 ||   309
       Whip              |       |       |       |   760 ||   760
Invok: Berserk           |     1 |     3 |     3 |    11 ||    18
       Brothers in Arms  |       |       |     2 |    10 ||    12
       Burn Spellbooks   |       |       |     1 |     4 ||     5
  Use: Scroll            |     6 |     7 |     8 |     5 ||    26
       Potion            |     1 |     4 |     4 |     5 ||    14
 Stab: Invisible         |       |       |       |     3 ||     3
  Eat: Chunk             |       |     7 |     6 |    14 ||    27
       Pizza             |       |     1 |       |     1 ||     2
       Meat ration       |       |       |     1 |     3 ||     4
       Beef jerky        |       |       |     1 |     2 ||     3
       Bread ration      |       |       |     1 |       ||     1
       Fruit             |       |       |       |     4 ||     4
Armor: Animal skin       |    11 |       |       |       ||    11
       Ring mail         |    23 |    63 |    31 |       ||   117
       Chain mail        |       |       |    45 |   292 ||   337
       Skin              |       |       |       |     1 ||     1
Dodge: Dodged            |    52 |    75 |    99 |   269 ||   495
Block: Shield            |       |       |    65 |   437 ||   502
